 Dungeon Crawl Stone Soup version 0.26-a0-466-g989023bd0d (webtiles) character file.

Game seed: 10626159136864275552

10 MrRokkomies the Sneak (level 2, -3/25 HPs)
             Began as a Palentonga Delver on July 29, 2020.
             Slain by an orc
             ... wielding a +0 trident
              (6 damage)
             ... on level 3 of the Dungeon.
             The game lasted 00:00:59 (503 turns).

MrRokkomies the Sneak (Palentonga Delver)            Turns: 503, Time: 00:01:00

Health: -3/25      AC:  4    Str: 15    XL:     2   Next: 10%
Magic:  2/2        EV:  9    Int: 10    God:
Gold:   26         SH:  0    Dex: 11    Spells: 1/1 levels left

rFire    . . .     SeeInvis +   a - +0 hand axe
rCold    . . .     Faith    .   (no shield)
rNeg     . . .     Spirit   .   b - +0 leather armour
rPois    .         Reflect  .   (no helmet)
rElec    .         Harm     .   (no cloak)
rCorr    .                      (no gloves)
MR       .....                  (boots restricted)
Stlth    ++........             (no amulet)
HPRegen  0.08/turn              (no ring)
MPRegen  0.08/turn              (no ring)

@: no status effects
A: large, rugged brown scales 3, see invisible, deformed body, roll, armoured
tail
a: Rolling Charge


You were on level 3 of the Dungeon.
You visited 1 branch of the dungeon, and saw 3 of its levels.

You collected 26 gold pieces.

Inventory:

Hand Weapons
 a - a +0 hand axe (weapon)
Armour
 b - a +0 leather armour (worn)
Wands
 g - a wand of digging (3)
Scrolls
 c - a scroll of fog
 d - a scroll of magic mapping
 i - 2 scrolls of teleportation {unknown}
 j - a scroll of random uselessness {unknown}
Potions
 e - a potion of lignification {unknown}
 f - a potion of haste
 h - a potion of heal wounds {unknown}


   Skills:
 * Level 3.2 Fighting
 * Level 2.3 Axes
 + Level 1.7 Dodging
 - Level 3.3 Stealth


You had one spell level left.
You didn't know any spells.
Your spell library was empty.

Dungeon Overview and Level Annotations

Branches:
Dungeon (5/15)
 Temple: D:4-7

Altars:

Annotations:
D:4 Blork the orc


Innate Abilities, Weirdness & Mutations

You are completely covered in rugged brown scales. (AC +3, +7% HP)
You have supernaturally acute eyesight. (SInv)
Armour fits poorly on your strangely shaped body.
You can roll at foes to attack.
You have a long armoured tail.


Message History

You hit the orc but do no damage.
Your tail-slap misses the orc.
You hit the rat.
You hear a shout!
The rat bites you. The orc hits you but does no damage.
The rat bites you but does no damage.
You barely miss the orc. You hit the rat but do no damage.
The orc hits you with a +0 trident!
* * * LOW HITPOINT WARNING * * *
The rat barely misses you.
You hit the orc.
The orc is severely wounded.
You hit the rat. The rat bites you.
* * * LOW HITPOINT WARNING * * *
The orc closely misses you.
You barely miss the orc.
The orc is severely wounded.
You hit the rat but do no damage. The rat barely misses you.
A gnoll comes into view. It is wielding a +0 spear.
The orc hits you with a +0 trident.
You die...

.K... ?...
.g........ ...
...... ####.o ......
g... ...)..
#.####..... #......#
###.r#o# #...l@.#
############.##(..#
#......†.....##†#.#
#..........####.#.#
#..........####.#..
#############...##..
..### #)### ##.
#...#########.# #.
###.........#.## .#


You could see a gnoll (wandering), an orc, a leopard gecko and a rat.

Vanquished Creatures
  A leopard gecko (D:4)
  2 orcs (D:3)
  A bat (D:3)
  2 goblins (D:3)
  A kobold (D:3)
7 creatures vanquished.

Notes
Turn   | Place    | Note
-------+----------+-------------------------------------------
     0 | D:5      | MrRokkomies the Palentonga Delver began the quest for the
                  | Orb.
     0 | D:5      | Reached XP level 1. HP: 19/19 MP: 1/1
    42 | D:5      | Noticed a jelly
   118 | D:4      | Noticed Blork the orc
   485 | D:3      | Reached XP level 2. HP: 13/25 MP: 2/2
   503 | D:3      | Slain by an orc

Illustrated notes

Levels and vault maps discovered:
D:3:      layout_rooms, roderic_cross_of_infinity
D:4:      layout_cave_pools, uniq_sigmund, uniq_blork_the_orc
D:5:      layout_basic, grunt_ministairs_7

Action                   || total
-------------------------++-------
Melee: Hand axe          ||    19
       Tailslap          ||     1
  Use: Scroll            ||     1
Armor: Leather armour    ||     3
Dodge: Dodged            ||     7

Table legend: (Time is in decaauts)
 A = Elapsed time spent in this place.
 B = Non-inter-level travel time spent in this place.
 C = Inter-level travel time spent in this place.
 D = Time resting spent in this place.
 E = Time spent auto-exploring this place.
 F = Levels seen in this place.
 G = Mean time per level.
                   A        B        C        D        E       F      G
               +--------+--------+--------+--------+--------+-----+--------+
         Total |    506 |    506 |      0 |    345 |     79 |   3 |  168.7 |
       Dungeon |    506 |    506 |      0 |    345 |     79 |   3 |  168.7 |
               +--------+--------+--------+--------+--------+-----+--------+

Top non-repeatable levels by time:
     D:3: 375 daAuts
     D:4: 85 daAuts
     D:5: 45 daAuts
